 Dungeon Crawl Stone Soup version 0.32-a0-540-g866d13106e (webtiles) character file.

Game seed: 2669497993282669405

102 ytrimaz the Changeling (level 4, -5/28 HPs)
             Began as an Octopode Shapeshifter on Feb 28, 2024.
             Slain by a gnoll
             ... wielding a +0 spear
              (8 damage)
             ... on level 2 of the Dungeon.
             The game lasted 00:01:53 (1132 turns).

ytrimaz the Changeling (Octopode Shapeshifter)      Turns: 1132, Time: 00:01:53

Health: -5/28      AC:  1    Str: 13    XL:     4   Next: 78%
Magic:  4/4        EV: 13    Int: 14    God:
Gold:   57         SH:  0    Dex: 11    Spells: 3/3 levels left

rFire   . .          .
                       - Unarmed
rCold   . . .        (no shield)
rNeg    . . .        (helmet currently unavailable)
rPois   .            (no amulet)
rElec   .            h - ring of wizardry
rCorr   .            (no ring)
SInv    .            (no ring)
Will    .....        (no ring)
Stlth   +++          (no ring)
HPRegen 0.24/turn    (no ring)
MPRegen 0.09/turn    (no ring)
                     (no ring)

%: wizardry (x1)
@: beast-form
A: beast (slay +2), almost no armour, amphibious, 8 rings, camouflage 1,
gelatinous body 1, (nimble swimmer 1), tentacles
a: Begin Untransformation


You were on level 2 of the Dungeon.
You were a hulking beast.
You visited 1 branch of the dungeon, and saw 2 of its levels.

You collected 57 gold pieces.


Innate Abilities, Weirdness & Mutations

You are a hulking beast.
Your limbs bulge with bestial killing power. (Slay +2)
You cannot wear most types of armour.
You are amphibious.
You can wear up to eight rings at the same time.
Your skin changes colour to match your surroundings (Stealth+).
Your rubbery body absorbs attacks. (AC +1, EV +1)
((You are camouflaged when in or above water. (Stealth+)))
You have tentacles for arms and can constrict up to eight enemies at once.


   Skills:
 - Level 1.0 Fighting
 - Level 2.0 Dodging
 + Level 2.9 Stealth
 + Level 3.6 Unarmed Combat
 * Level 4.1 Shapeshifting


You had 3 spell levels left.
You didn't know any spells.
Your spell library contained the following spells:

 Spells                   Type           Power      Damage    Failure   Level
 Cause Fear               Hex            0%         N/A       71%         4
 Fireball                 Conj/Fire      0%         3d3       95%         5
 Dragon's Call            Summ           0%         N/A       100%        9

Inventory:

Jewellery
 h - a ring of wizardry (left tentacle)
   (You found it on level 2 of the Dungeon)
Talismans
 b - a beast talisman (active)
 c - a flux talisman
 d - a storm talisman
   (You found it on level 1 of the Dungeon)
Scrolls
 f - a scroll of acquirement
 i - a scroll of enchant weapon {unknown}
Potions
 a - a potion of lignification
 e - a potion of haste {unknown}
 g - a potion of resistance {unknown}

Dungeon Overview and Level Annotations

Branches:
Dungeon (2/15) Zot: 10871

Altars:
Qazlal

Shops:
D:1

(
...#......<#######....#.##.#
##...<###### ###.......#
###### #.#######
########'######
#.............#
####.............#
.................#
......[..........#
.!....gh.........#
.......)..)......#
........?........#
.................#
.................#
....############## .... ...


You could see a gnoll.


Message History

You see here an adder corpse. 😕 HP[+6] MP[+1]
You now have 28 max hp (+5).
You regained 6 hp, and now have 27/28 hp.
Your mp is fully restored (4).
No target in view!
Unknown command.
A rat comes into view.
Found a stone staircase leading down. 😎 HP[+1]
Your hp is fully restored (28).
A rat is nearby!
A rat is nearby!
An adder comes into view.
Found a stormy altar of Qazlal.
The adder hisses angrily.
Unknown command.
The helpless rat fails to defend itself.
You tentacle-slap the rat. You grab the rat. You constrict the rat.
You kill the rat!
The adder closely misses you.
You tentacle-slap the adder. Your grab misses the adder. You squeeze the adder.
The adder barely misses you.
Unknown command.
You tentacle-slap the adder but do no damage.
You grab the adder. You constrict the adder. The adder barely misses you.
You tentacle-slap the adder.
You kill the adder!
Unknown command.
You see here an adder corpse.
No target in view!
Unknown command.
No target in view!
Key pressed, stopping explore.
No target in view!
Unknown command.
i - a scroll labelled JANKOA EJOSI You now have 57 gold pieces (gained 13).
You open the door.
There is an open door here.
A kobold comes into view. It is wielding a +0 short sword.
A kobold is nearby!
The kobold shouts!
A gnoll comes into view. It is wielding a +0 spear.
There are monsters nearby!
The kobold throws a stone.
The stone closely misses you.
A gnoll comes into view. It is wielding a +0 flail.
The gnoll shouts!
Unknown command.
The gnoll shouts!
You hear a shout!
The kobold closely misses you.
You tentacle-slap the kobold. You grab the kobold. You constrict the kobold.
You kill the kobold!
Unknown command.
A gnoll comes into view. It is wielding a +0 club.
The gnoll hits you from afar with a +0 spear! 😮 HP[-8]
You take 8 damage, and now have 20/28 hp.
MASSIVE DAMAGE!! (PAUSE)
Okay, then.
A gnoll comes into view. It is wielding a +0 spear.
The gnoll misses you. The gnoll barely misses you.
Unknown command.
Okay, then.
Unknown command.
You tentacle-slap the gnoll. You grab the gnoll. You constrict the gnoll.
The gnoll completely misses you. The gnoll misses you.
Unknown command.
You tentacle-slap the gnoll.
You kill the gnoll!
The gnoll barely misses you.
Your Shapeshifting skill increases to level 4!
Unknown command.
You tentacle-slap the gnoll. You grab the gnoll. You squeeze the gnoll.
You constrict the gnoll. 😮 HP[+1]
You tentacle-slap the gnoll. You squeeze the gnoll.
You kill the gnoll!
You barely miss the gnoll. You grab the gnoll. You squeeze the gnoll!
You constrict the gnoll.
The gnoll hits you with a +0 club. 😮 HP[-4]
You take 4 damage, and now have 17/28 hp.
You completely miss the gnoll. You squeeze the gnoll.
You kill the gnoll!
The gnoll hits you with a +0 spear!
* * * LOW HITPOINT WARNING * * *
Things that are here:
a +0 club; a +0 spear; 😨 HP[-7]
You take 7 damage, and now have 10/28 hp.
MASSIVE DAMAGE!! (PAUSE)
You barely miss the gnoll. Your grab misses the gnoll.
Your tentacle-slap misses the gnoll.
You squeeze the gnoll! The gnoll hits you with a +0 spear!
* * * LOW HITPOINT WARNING * * *
😱 HP[-7]
You take 7 damage, and now have 3/28 hp.
MASSIVE DAMAGE!! (PAUSE)
You closely miss the gnoll. Your grab misses the gnoll.
Your squeeze misses the gnoll. The gnoll hits you with a +0 spear!
You die...

Skill      XL: |  1  2  3  4 |
---------------+-------------+-----
Stealth        | 1 2 |  2.9
Shapeshifting  | 4 |  4.1
Fighting       | |  1.0
Dodging        | |  2.0
Unarmed Combat | |  3.6

Action                     |  1- 3 |  4- 6 || total
---------------------------+-------+-------++-------
  Melee: Unarmed           |    52 |    13 ||    65
         Tentacles         |    14 |     6 ||    20
         Constrict         |    14 |     6 ||    20
         Punch             |     1 |       ||     1
    Use: Scroll            |     3 |       ||     3
   Stab: Sleeping          |     9 |     1 ||    10
 Armour: Skin              |    17 |     5 ||    22
  Dodge: Dodged            |    24 |    10 ||    34

Levels and vault maps discovered:
D:1:      psy_arrival_whirlpool, layout_basic, serial_shops,
          nicolae_shop_waterfront, minmay_misc_feat_enclosed,
          nrook_mini_backslash
D:2:      layout_basic, basic_altar, minmay_misc_feat_alley

Notes
Turn   | Place    | Note
-------+----------+-------------------------------------------
     0 | D:1      | ytrimaz the Octopode Shapeshifter began the quest for the
                  | Orb.
     0 | D:1      | Reached XP level 1. HP: 13/13 MP: 1/1
     0 | D:1      | magus.rc [v1.9.6]
   168 | D:1      | Found Tuostemu's Weapon Boutique.
   178 | D:1      | Reached skill level 1 in Stealth
   178 | D:1      | Reached XP level 2. HP: 18/18 MP: 2/2
   538 | D:1      | You pick up a book of the Dragon and begin reading...
   538 | D:1      | You add the spells Cause Fear, Fireball and Dragon's Call
                  | to your library.
   643 | D:1      | Reached XP level 3. HP: 23/23 MP: 3/3
   648 | D:1      | Reached skill level 2 in Stealth
   996 | D:2      | Identified a scroll of acquirement
  1068 | D:2      | Reached XP level 4. HP: 27/28 MP: 4/4
  1089 | D:2      | Found a stormy altar of Qazlal.
  1126 | D:2      | Reached skill level 4 in Shapeshifting
  1131 | D:2      | HP: 3/28 [gnoll/+0 spear (7)]
  1132 | D:2      | Slain by a gnoll

Vanquished Creatures
  4 gnolls
  3 adders (D:2)
  A dart slug (D:2)
  4 endoplasms
  4 giant cockroaches (D:1)
  A goblin (D:1)
  4 hobgoblins (D:1)
  2 quokkas
  A ball python (D:1)
  4 bats
  2 frilled lizards (D:1)
  A kobold (D:2)
  6 rats
37 creatures vanquished.

Table legend:
 A = Non-vault XP
 B = Vault XP
 C = Vault XP percentage of total XP
 D = Non-vault monster count
 E = Vault monster count
 F = Vault count percentage of total count
                 A         B        C        D         E       F
            +---------+---------+-------+---------+---------+-------
      Total |     147 |       0 |   0.0 |      37 |       0 |   0.0
            +---------+---------+-------+---------+---------+-------
        D:1 |      52 |       0 |   0.0 |      24 |       0 |   0.0
        D:2 |      95 |       0 |   0.0 |      13 |       0 |   0.0
            +---------+---------+-------+---------+---------+-------

Skill      XL: |  1  2  3  4 |
---------------+-------------+-----
Stealth        | 1 2 |  2.9
Shapeshifting  | 4 |  4.1
Fighting       | |  1.0
Dodging        | |  2.0
Unarmed Combat | |  3.6

Action                     |  1- 3 |  4- 6 || total
---------------------------+-------+-------++-------
  Melee: Unarmed           |    52 |    13 ||    65
         Tentacles         |    14 |     6 ||    20
         Constrict         |    14 |     6 ||    20
         Punch             |     1 |       ||     1
    Use: Scroll            |     3 |       ||     3
   Stab: Sleeping          |     9 |     1 ||    10
 Armour: Skin              |    17 |     5 ||    22
  Dodge: Dodged            |    24 |    10 ||    34

Illustrated notes

Table legend:
 A = Kills in this place as a percentage of kills in the entire game.
 B = Kills by you in this place as a percentage of kills by you in the entire game.
 C = Kills by friends in this place as a percentage of kills by friends in the entire game.
 D = Other kills in this place as a percentage of other kills in the entire game.
 E = Experience gained in this place as a percentage of experience gained in the entire game.
 F = Experience gained in this place divided by the number of levels of this place that you have seen.
                   A       B       C       D       E      F
               +-------+-------+-------+-------+-------+----------------------
         Total | 100.0 | 100.0 |   N/A |   N/A | 100.0 |  73.5
       Dungeon | 100.0 | 100.0 |   N/A |   N/A | 100.0 |  73.5
               +-------+-------+-------+-------+-------+----------------------

Table legend: (Time is in decaauts)
 A = Elapsed time spent in this place.
 B = Non-inter-level travel time spent in this place.
 C = Inter-level travel time spent in this place.
 D = Time resting spent in this place.
 E = Time spent auto-exploring this place.
 F = Levels seen in this place.
 G = Mean time per level.
                   A        B        C        D        E       F      G
               +--------+--------+--------+--------+--------+-----+--------+
         Total |   1127 |   1114 |     13 |      0 |    883 |   2 |  563.5 |
       Dungeon |   1127 |   1114 |     13 |      0 |    883 |   2 |  563.5 |
               +--------+--------+--------+--------+--------+-----+--------+

Top non-repeatable levels by time:
     D:1: 854 daAuts
     D:2: 273 daAuts
